 Dungeon Crawl Stone Soup version 0.18.1-8-gdd0e5ea (webtiles) character file.

129986 Krapule the Warrior (level 16, -2/155 HPs)
             Began as a Minotaur Gladiator on June 7, 2016.
             Was the Champion of Ashenzari.
             Slain by a spriggan
             ... wielding a +0 spear
              (6 damage)
             ... on level 1 of the Swamp.
             The game lasted 02:24:50 (35997 turns).

Krapule the Warrior (Minotaur Gladiator)           Turns: 35997, Time: 02:24:53

Health: -2/155     AC: 15    Str: 23    XL:     16   Next: 52%
Magic:  24/24      EV: 22    Int: 10    God:    Ashenzari [******]
Gold:   544        SH:  0    Dex: 15    Spells: 1 memorised, 21 levels left

rFire  . . .     SeeInvis +     s - +5 battleaxe (flame) (curse)
rCold  . . .     Gourm    .     T - +1 ring mail {rPois}
rNeg   + + +     Faith    .     (shield currently unavailable)
rPois  +         Spirit   .     c - +1 hat
rElec  +         Dismiss  .     y - +0 cloak
rCorr  +         Reflect  .     J - -3 pair of gloves of Mezcal {rCorr Dex+2 Stlth+} (curse)
SustAt .         Harm     .     G - +2 pair of boots
MR     +....     Clarity  +     q - amulet of rage
Stlth  +.........               M - ring "Nousa" {rCorr rElec rN+++ Str+3 Stlth-} (curse)
                                p - +3 ring of slaying

@: exhausted, slowed, very slow, somewhat resistant to hostile enchantments,
very unstealthy
A: retaliatory headbutt, horns 2
a: Curse Item, Scrying, Transfer Knowledge, Renounce Religion, Evoke Berserk
Rage


You were on level 1 of the Swamp.
You worshipped Ashenzari.
Ashenzari was exalted by your worship.
You were very hungry.

You visited 4 branches of the dungeon, and saw 25 of its levels.
You also visited: Labyrinth, Ossuary, Ice Cave and Volcano.

You collected 2393 gold pieces.
You spent 1849 gold pieces at shops.

Inventory:

Hand Weapons
 s - a cursed +5 battleaxe of flaming (weapon)
Missiles
 d - a throwing net (quivered)
Armour
 c - a +1 hat (worn)
 l - a +4 ring mail of fire resistance
 o - a +0 pair of boots of flying
 y - a +0 cloak (worn)
 D - a +0 pair of gloves of cold resistance
 G - a +2 pair of boots (worn)
 J - the cursed -3 pair of gloves of Mezcal (worn) {rCorr Dex+2 Stlth+}
   (You found it on level 4 of the Lair of Beasts)

   It affects your dexterity (+2).
   It protects you from acid and corrosion.
   It makes you more stealthy.
   It has a curse placed upon it.
 T - a +1 ring mail of poison resistance (worn)
Jewellery
 k - an uncursed ring of fire
 p - a +3 ring of slaying (left hand)
 q - an amulet of rage (around neck)
 v - an uncursed ring of sustain attributes
 M - the cursed ring "Nousa" (right hand) {rCorr rElec rN+++ Str+3 Stlth-}
   (You found it in an ice cave)

   [ring of resist corrosion]

   It affects your strength (+3).
   It insulates you from electricity.
   It renders you almost immune to negative energy.
   It makes you less stealthy.
   It has a curse placed upon it.
 Q - an uncursed amulet of regeneration
 U - an uncursed ring of protection from cold
 V - an uncursed ring of resist corrosion
Wands
 a - a wand of iceblast (7/15)
 i - a wand of digging (2/24)
 t - a wand of lightning (0/15)
 w - a wand of disintegration (2/24)
 W - a wand of acid (6/15)
 Z - a wand of lightning (0/15)
Scrolls
 b - a scroll of summoning
 e - 6 scrolls of identify
 j - 2 scrolls of fog
 m - 4 scrolls of remove curse
 n - 8 scrolls of teleportation
 z - 3 scrolls of blinking
 E - 3 scrolls of fear
 P - a scroll of amnesia
 S - a scroll of enchant weapon
Potions
 g - 11 potions of curing
 h - 3 potions of might
 r - 2 potions of experience
 u - a potion of heal wounds
 x - 5 potions of flight
 B - 2 potions of resistance
 C - 5 potions of agility
 F - a potion of brilliance
 H - a potion of invisibility
 K - 3 potions of berserk rage
 L - 4 potions of haste
 R - 2 potions of cancellation
Comestibles
 f - 10 bread rations
 A - 16 royal jellies
 I - 7 fruits
 N - a meat ration
 O - 2 slices of pizza


   Skills:
 + Level 17.0 Fighting
 - Level 7.0(12.7) Axes
 - Level 2.0 Throwing
 + Level 16.9 Armour
 + Level 16.3 Dodging
 - Level 6.0 Spellcasting
 + Level 7.9 Charms
 + Level 4.7 Evocations


You had 21 spell levels left.
You knew the following spells:

 Your Spells              Type           Power        Failure   Level  Hunger
a - Haste                 Chrm           ###.....     99%         6    #######


Dungeon Overview and Level Annotations

Branches:
Dungeon (14/15)            Temple (0/1) D:5            Lair (8/8) D:11
  Swamp (1/4) Lair:3       Spider (0/4) Lair:4        Slime (0/6) Lair:6
    Orc (2/2) D:9             Elf (0/3) Orc:2        Vaults (0/5) D:14

Altars:
Ashenzari
Cheibriados
Fedhas
Kikubaaqudgha
Makhleb
Pakellas
Ru
Sif Muna
Trog
Xom
Zin

Shops:
D:5 (   D:6 }   D:7 %   D:10 [   D:12 (   D:14 %   Orc:2 ([*=

Annotations:
D:4 exclusion: oklob plant


Innate Abilities, Weirdness & Mutations

You reflexively headbutt those who attack you in melee.
You have a pair of horns on your head.


Message History

Thorny briars emerge from the ground!
The spriggan completely misses you.
You slice the thorn hunter!! You burn the thorn hunter.
You destroy the thorn hunter!
The spriggan barely misses you.
The spriggan hits you from afar with a spear!
The briar patch crumbles away. x6; The swamp worm bites you!
* * * LOW HITPOINT WARNING * * *
The swamp worm bites you!!
* * * LOW HITPOINT WARNING * * *
The spriggan hits you with a spear!
* * * LOW HITPOINT WARNING * * *
Unknown command.
You miss the spriggan.
The spriggan is severely wounded.
You closely miss the swamp worm.
The briar patch crumbles away.
The swamp worm bites you!
* * * LOW HITPOINT WARNING * * *
The spriggan completely misses you. The swamp worm barely misses you.
The spriggan hits you with a spear.
You die...

♣≈≈♣♣.≈.≈≈≈♣......≈* * **
♣≈.≈♣.≈≈....≈≈..... *..,≈*
♣♣...♣≈≈.....≈..♣♣* * ≈.♣**
♣....≈♣♣.≈P≈...≈≈♣♣♣♣♣≈.♣* *
♣...♣♣♣♣.≈PP≈.....≈≈♣≈.≈≈≈≈*
....≈♣ ♣♣PPP≈......≈≈§≈≈.
.≈≈≈.♣♣♣♣PPP≈≈......≈≈.≈≈,
** ≈≈≈≈.≈≈♣.≈PP≈≈≈..≈≈.....≈
, *
≈≈≈≈≈.≈♣.P≈P≈≈≈†@≈≈≈.≈≈≈≈ ≈
*
.≈≈≈..♣♣≈≈PP≈≈.)wi♣♣..≈≈≈≈≈≈
.≈≈≈...≈≈≈PP$...≈..♣ ...♣ ,
§≈≈≈≈≈≈......≈≈...... ... *
**,,
≈≈≈≈≈≈≈≈.....≈≈...)≈≈≈.,,≈**
, ≈≈..≈≈≈≈≈≈≈..≈≈≈.....≈..≈,
, , ...≈≈≈≈≈.§≈≈♣♣.........♣
, , *
...≈≈≈≈≈...P*♣.≈≈≈≈≈.≈≈.*≈,
* ....≈≈≈≈≈≈ ,≈ ≈≈ , ,, ,


You could see a swamp worm and a spriggan.

Vanquished Creatures
  A thorn hunter (Swamp:1)
  Maud (Lair:7)
  2 orc warlords
  An ettin (Orc:1)
  A minotaur (Lab)
  Josephine (Lair:8)
  7 hydras
  4 centaur warriors
  2 catoblepae
  22 death yaks
  3 death knights (D:14)
  3 tengu warriors (D:14)
  A deep troll shaman (Lair:8)
  4 orc high priests (Orc:2)
  Nergalle (Orc:1)
  2 skeletal warriors (D:14)
  A swamp dragon (Swamp:1)
  4 hill giants
  4 deep elf magi
  4 orc knights
  A phantasmal warrior (D:14)
  A wolf spider zombie (D:13)
  2 lindwurms (Lair:8)
  A cyclops (D:12)
  A wizard (D:11)
  3 oklob plants
  A griffon (Lair:6)
  A hornet (shapeshifter) (D:14)
  4 orc sorcerers
  11 ugly things
  25 elephants
  A hornet (Swamp:1)
  5 black mambas
  A centaur zombie (D:14)
  2 gargoyles
  2 ice statues (IceCv)
  A molten gargoyle (D:13)
  4 centaur skeletons
  A torpor snail (Lair:8)
  12 spiny frogs
  A torpor snail (shapeshifter) (D:13)
  11 komodo dragons
  2 freezing wraiths (D:14)
  2 kobold demonologists
  A yaktaur (Volcano)
  2 tengu conjurers (D:14)
  2 rime drakes
  11 ice devils (IceCv)
  3 spriggan druids (D:14)
  5 trolls
  3 polar bears
  A two-headed ogre (D:11)
  A giant leech (Swamp:1)
  4 jumping spiders (Lair:4)
  16 blink frogs
  Grinder (D:5)
  6 slime creatures
  A shadow (Swamp:1)
  A vampire (D:13)
  6 wraiths
  A centaur simulacrum (D:14)
  4 redbacks
  3 wyverns
  14 spriggans
  74 yaks
  2 hungry ghosts
  Menkaure (D:6)
  2 basilisks
  12 hippogriffs
  7 vampire mosquitoes
  A mottled dragon (D:13)
  2 wargs
  15 water moccasins
  4 soldier ants
  A swamp worm (Swamp:1)
  Duvessa (D:5)
  8 porcupines
  2 swamp drakes (Swamp:1)
  5 black bears
  12 ice beasts
  5 sky beasts
  5 phantoms
  31 orc warriors
  8 wasps
  14 ogres
  7 necrophages
  17 wolves
  11 centaurs
  4 eyes of draining
  20 crocodiles
  A boggart (D:14)
  6 big kobolds
  Blork the orc (D:4)
  14 giant frogs
  Dowan (D:5)
  4 water moccasin zombies (Ossuary)
  A wyvern skeleton (D:11)
  4 scorpions
  25 killer bees
  16 wights
  5 electric eels (Lair:2)
  3 howler monkeys
  2 crimson imps
  4 giant frog zombies
  14 hounds
  6 lava snakes (D:13)
  6 jellies
  A wasp zombie (D:12)
  2 giant frog skeletons
  31 orc wizards
  A quasit (D:4)
  Crazy Yiuf (D:6)
  29 orc priests
  2 hell rats (Lair:4)
  8 iguanas
  8 worker ants
  Natasha (thrice) (D:4)
  43 sheep
  A big kobold zombie (Ossuary)
  2 hound skeletons
  A worker ant zombie (D:9)
  3 mummies
  A howler monkey skeleton (D:4)
  15 adders
  54 river rats
  A shadow imp (D:9)
  8 white imps (IceCv)
  7 ufetubi (IceCv)
  4 oozes
  6 adder zombies
  2 adder skeletons
  5 worms
  3 dart slugs
  3 giant geckos
  84 orcs
  A ball python (D:1)
  4 bats
  5 giant cockroaches
  3 gnoll zombies (Ossuary)
  7 goblins
  3 hobgoblins (D:3)
  14 jackals
  17 kobolds
  5 quokkas
  A giant gecko skeleton (D:7)
  4 giant newts
  4 hobgoblin zombies (Ossuary)
  2 kobold zombies (Ossuary)
  4 orc zombies (Ossuary)
  9 rats
  13 fungi
  10 plants
1070 creatures vanquished.

Vanquished Creatures (others)
  A wizard (D:3)
  A wasp (D:14)
  5 sheep (Lair:7)
  2 ufetubi (IceCv)
  5 bushes (Lair:8)
  82 fungi
  54 plants
150 creatures vanquished.

Grand Total: 1220 creatures vanquished

Notes
Turn   | Place    | Note
--------------------------------------------------------------
     0 | D:1      | Krapule the Minotaur Gladiator began the quest for the Orb.
     0 | D:1      | Reached XP level 1. HP: 18/18 MP: 0/0
   443 | D:1      | Reached XP level 2. HP: 19/25 MP: 1/1
   748 | D:1      | Reached skill level 1 in Armour
   780 | D:1      | Reached skill level 3 in Fighting
   921 | D:2      | Reached XP level 3. HP: 25/31 MP: 2/2
  1386 | D:3      | Noticed an ogre
  1393 | D:3      | Killed an ogre
  1393 | D:3      | Reached XP level 4. HP: 23/40 MP: 3/3
  1605 | D:3      | Reached XP level 5. HP: 46/46 MP: 4/4
  1647 | D:3      | Reached skill level 4 in Fighting
  1813 | D:3      | Reached skill level 5 in Axes
  2002 | D:3      | Found a bloodstained altar of Trog.
  2005 | D:3      | Noticed a wizard
  2010 | D:3      | Killed a wizard
  2500 | D:4      | Noticed Natasha
  2643 | D:4      | Noticed an ogre
  2697 | D:3      | Reached XP level 6. HP: 36/53 MP: 5/5
  3144 | D:4      | Reached skill level 5 in Dodging
  3161 | D:4      | Noticed Blork the orc
  3184 | D:4      | Killed Blork the orc
  3184 | D:4      | Reached skill level 5 in Fighting
  3263 | D:4      | Found a shattered altar of Ashenzari.
  3271 | D:4      | Became a worshipper of Ashenzari the Shackled
  3299 | D:4      | Reached XP level 7. HP: 20/61 MP: 6/6
  3514 | D:4      | Killed Natasha
  3560 | D:4      | Noticed Natasha
  3571 | D:4      | Killed Natasha
  3749 | D:4      | Noticed Natasha
  3758 | D:4      | Killed Natasha
  4005 | D:4      | Found an ancient bone altar of Kikubaaqudgha.
  4031 | D:4      | Found a blossoming altar of Fedhas.
  4069 | D:4      | Noticed an oklob plant
  4205 | D:4      | Reached skill level 6 in Fighting
  4459 | D:5      | Entered Level 5 of the Dungeon
  4459 | D:5      | Noticed Grinder
  4500 | D:5      | Noticed a troll
  4512 | D:5      | Killed a troll
  4512 | D:5      | Reached skill level 5 in Armour
  4512 | D:5      | Reached XP level 8. HP: 16/71 MP: 7/7
  4799 | D:5      | Killed Grinder
  4824 | D:5      | HP: 3/71 [something (6)]
  4826 | D:5      | Reached skill level 7 in Fighting
  5521 | D:5      | Reached skill level 8 in Fighting
  5597 | D:5      | Found a deep blue altar of Sif Muna.
  5697 | D:5      | Reached XP level 9. HP: 79/81 MP: 8/8
  5721 | D:5      | Noticed Dowan
  5722 | D:5      | Noticed Duvessa
  5726 | D:5      | Killed Duvessa
  5731 | D:5      | Killed Dowan
  5746 | D:5      | Found a staircase to the Ecumenical Temple.
  5782 | D:5      | Found Roagerr's Antique Weapon Emporium.
  5785 | D:5      | Bought a runed battleaxe for 169 gold pieces
  6166 | D:6      | Found an oddly glowing altar of Pakellas.
  6166 | D:6      | Found a glowing silver altar of Zin.
  6291 | D:6      | Noticed Menkaure
  6299 | D:6      | Killed Menkaure
  6557 | D:6      | Found Kunar's Gadget Shoppe.
  6736 | D:6      | Reached skill level 9 in Fighting
  6809 | D:6      | Found a sacrificial altar of Ru.
  6973 | D:6      | Noticed Crazy Yiuf
  6979 | D:6      | Killed Crazy Yiuf
  7127 | D:7      | Found Neorop's Food Boutique.
  7175 | D:7      | Found a sand-covered staircase.
  7193 | Ossuary  | Entered an ossuary
  7785 | D:7      | Reached XP level 10. HP: 78/93 MP: 9/9
  8112 | D:7      | Found a burning altar of Makhleb.
  8219 | D:7      | Reached skill level 10 in Fighting
  8477 | D:8      | Found a snail-covered altar of Cheibriados.
  8514 | D:8      | Reached skill level 10 in Dodging
  8721 | D:8      | Reached * piety under Ashenzari
  8744 | D:8      | Learned a level 6 spell: Haste
  9212 | D:8      | Reached skill level 10 in Armour
  9250 | D:9      | Reached skill level 1 in Spellcasting
  9439 | D:9      | Found a staircase to the Orcish Mines.
  9720 | D:9      | Reached ** piety under Ashenzari
  9862 | D:9      | Noticed a hill giant
  9869 | D:9      | Killed a hill giant
 10072 | Orc:1    | Entered Level 1 of the Orcish Mines
 10248 | Orc:1    | Reached skill level 11 in Fighting
 10826 | Orc:1    | Noticed an orc sorcerer
 10856 | Orc:1    | Killed an orc sorcerer
 10932 | Orc:1    | Noticed an orc warlord
 10997 | D:10     | Entered Level 10 of the Dungeon
 11043 | D:10     | Found Loifonusm's Armour Shoppe.
 11159 | D:10     | Reached XP level 11. HP: 78/102 MP: 13/13
 11363 | D:10     | Noticed a centaur warrior
 11371 | D:10     | Killed a centaur warrior
 12393 | D:11     | Noticed a wizard
 12396 | D:11     | Killed a wizard
 12506 | D:11     | Reached *** piety under Ashenzari
 12624 | D:11     | Reached skill level 12 in Fighting
 12625 | D:11     | Noticed a green ugly thing
 12702 | D:11     | Killed a green ugly thing
 13006 | D:11     | Found a staircase to the Lair.
 13008 | D:11     | Noticed an oklob plant
 13726 | D:11     | Killed an oklob plant
 13732 | Lair:1   | Entered Level 1 of the Lair of Beasts
 13782 | Lair:1   | Found a dark tunnel.
 13943 | Volcano  | Entered a volcano
 13964 | Volcano  | Found a burning altar of Makhleb.
 13969 | Volcano  | Noticed a centaur warrior
 13981 | Volcano  | Killed a centaur warrior
 13981 | Volcano  | Reached XP level 12. HP: 93/113 MP: 17/17
 14213 | Lair:1   | Reached skill level 1 in Charms
 14322 | Lair:1   | Noticed an eight-headed hydra
 14329 | Lair:1   | Killed a five-headed hydra
 15460 | Lair:2   | Reached **** piety under Ashenzari
 15537 | Lair:2   | Reached skill level 13 in Fighting
 16975 | Lair:3   | Found a staircase to the Swamp.
 17091 | Lair:3   | Noticed a four-headed hydra
 17099 | Lair:3   | Killed a one-headed hydra
 17495 | Lair:3   | Reached ***** piety under Ashenzari
 17671 | Lair:3   | Reached XP level 13. HP: 123/123 MP: 18/18
 18032 | Lair:3   | Reached skill level 14 in Fighting
 18259 | Lair:5   | Found a frozen archway.
 18298 | IceCv    | Entered an ice cave
 18690 | IceCv    | Identified the ring "Nousa" {rCorr rElec rN+++ Str+3 Stlth-}
 19656 | Lair:6   | Found a staircase to the Slime Pits.
 20124 | Lair:6   | Reached skill level 5 in Spellcasting
 21110 | Lair:7   | Reached XP level 14. HP: 70/133 MP: 20/20
 21141 | Lair:7   | Reached skill level 5 in Charms
 21223 | Lair:7   | Got the uncursed ring mail "Qiumo" {rF+}
 21234 | Lair:7   | Identified the +3 ring mail "Qiumo" {rF+} (You found it on level 7 of the Lair of Beasts)
 21621 | Lair:7   | Noticed Maud
 21639 | Lair:7   | Killed Maud
 22103 | Lair:7   | Found a shimmering altar of Xom.
 22411 | Lair:8   | Entered Level 8 of the Lair of Beasts
 22555 | Lair:8   | Noticed Josephine
 22564 | Lair:8   | Killed Josephine
 22564 | Lair:8   | Reached skill level 15 in Fighting
 22635 | Lair:8   | Reached skill level 15 in Armour
 24879 | Lair:8   | Reached ****** piety under Ashenzari
 25259 | Lair:8   | Reached XP level 15. HP: 118/143 MP: 23/23
 25430 | Lair:8   | Identified the +0 spear "Xeli" {freeze, +Inv Dex+4}
 25823 | D:9      | Killed an orc warlord
 25823 | D:9      | Reached skill level 15 in Dodging
 26125 | Orc:1    | Noticed Nergalle
 26136 | Orc:1    | Killed Nergalle
 26639 | Orc:2    | Entered Level 2 of the Orcish Mines
 27169 | Orc:2    | Found a staircase to the Elven Halls.
 27184 | Orc:2    | Noticed an orc warlord
 27209 | Orc:2    | Killed an orc warlord
 27209 | Orc:2    | Reached skill level 16 in Fighting
 28742 | Orc:2    | Found Tyxkabb's Antique Armour Shoppe.
 28743 | Orc:2    | Found Cefitoi's Antique Weapon Emporium.
 28745 | Orc:2    | Found Vuinol Xeiwn's General Store.
 28745 | Orc:2    | Found Yla Neg's Jewellery Shoppe.
 28789 | Orc:2    | Bought a pair of runed boots for 148 gold pieces
 28800 | Orc:2    | Bought a +3 ring of slaying for 630 gold pieces
 28800 | Orc:2    | Bought an uncursed amulet of rage for 560 gold pieces
 28812 | Orc:2    | Bought an ebony broad axe for 342 gold pieces
 28812 | Orc:2    | Identified the +7 broad axe of Might {drain, Str-4 Dex+5} (You bought it in a shop on level 2 of the Orcish Mines)
 29628 | D:12     | Reached skill level 1 in Evocations
 29637 | D:12     | Found Guduh's Weapon Shoppe.
 30102 | D:13     | Found a labyrinth entrance.
 30108 | Lab      | Entered a labyrinth
 30398 | Lair:1   | Identified a scroll of acquirement
 31908 | D:14     | Found Qiaped's Food Shop.
 32856 | D:14     | Reached XP level 16. HP: 147/152 MP: 24/24
 33637 | D:14     | Found a gate to the Vaults.
 34705 | Lair:4   | Found a hole to the Spider Nest.
 34736 | Lair:4   | Got the cursed pair of gloves of Mezcal {rCorr Dex+2 Stlth+}
 34747 | Lair:4   | Identified the cursed -3 pair of gloves of Mezcal {rCorr Dex+2 Stlth+} (You found it on level 4 of the Lair of Beasts)
 35870 | Swamp:1  | Entered Level 1 of the Swamp
 35977 | Swamp:1  | Noticed a thorn hunter
 35980 | Swamp:1  | Reached skill level 17 in Fighting
 35995 | Swamp:1  | Killed a thorn hunter
 35997 | Swamp:1  | HP: 4/155 [swamp worm (10)]
 35997 | Swamp:1  | Slain by a spriggan

Skill      XL: |  1  2  3  4  5  6  7  8  9 10 11 12 13 14 15 16 |
---------------+-------------------------------------------------+-----
Axes           | 4 5 6 7 |  7.0
Armour         | 1 2 3 5 7 9 10 12 13 14 15 16 | 16.9
Fighting       | 3 4 5 6 8 9 11 12 13 14 15 16 17 | 17.0
Dodging        | 4 5 6 7 9 10 11 13 14 15 16 | 16.3
Spellcasting   | 2 4 5 6 |  6.0
Charms         | 3 4 6 7 |  7.9
Evocations     | 3 4 |  4.7
Throwing       | |  2.0

Action                   |  1- 3 |  4- 6 |  7- 9 | 10-12 | 13-15 | 16-18 || total
-------------------------+-------+-------+-------+-------+-------+-------++-------
Melee: War axe           |    73 |   107 |   165 |       |       |       ||   345
       Headbutt          |     5 |    20 |    66 |   128 |   303 |    63 ||   585
       Battleaxe         |       |       |   156 |   584 |  1299 |   292 ||  2331
Throw: Throwing net      |       |     1 |     2 |       |       |       ||     3
Invok: Curse Item        |       |       |     1 |     1 |     1 |       ||     3
 Abil: Evoke Berserk Rag |       |       |       |       |     3 |     1 ||     4
Evoke: Wand              |       |       |       |     7 |    15 |     6 ||    28
  Use: Scroll            |       |       |     9 |    16 |     8 |       ||    33
       Potion            |       |       |     1 |     5 |     9 |       ||    15
 Stab: Held in net/web   |       |       |     3 |       |       |       ||     3
       Invisible         |       |       |     2 |       |       |       ||     2
  Eat: Chunk             |     1 |     7 |    12 |    27 |    43 |    10 ||   100
       Pizza             |       |       |     1 |     1 |     1 |       ||     3
       Meat ration       |       |       |       |     1 |     1 |       ||     2
       Bread ration      |       |       |       |       |     1 |       ||     1
Armor: Leather armour    |    10 |       |       |       |       |       ||    10
       Ring mail         |    13 |    28 |   117 |   188 |   533 |    91 ||   970
Dodge: Dodged            |    45 |    65 |   273 |   546 |  1158 |   280 ||  2367
